AoeStats
← [CL] Al3jandr0.magn00

Arabia

507991135Analyzed
1v1 RM · 11d ago on Sep 20, 2026· 58m 11s· 2 players
Game mode
Random Map
Map size
Tiny (2 player)
Population
200
Speed
Normal
Resources
Standard
Victory
Conquest
Starting age
Dark Age
Ending age
Imperial Age
RankedLock teamsTeams togetherTeam positionsShared explorationLock speedFull tech treeHidden civsTurbo modeCheats
Victory
Defeat
🇹🇼 Japanese · Taiwan
1869
+18
🇦🇷 Chinese · Argentina
1904
-18
Hayato Kazami
6:07 Loom
9:17 Feudal Age
9:19 Man-at-Arms
9:45 Double-Bit Axe
14:52 Town Watch
23:54 Wheelbarrow
28:13 Castle Age
26:20 Scale Barding Armor
26:52 Forging
26:48 Gold Mining
27:09 Bloodlines
29:16 Chain Barding Armor
29:08 Bow Saw
29:16 Horse Collar
30:29 Husbandry
33:11 Iron Casting
33:09 Fletching
34:06 Stone Mining
34:31 Bodkin Arrow
35:11 Padded Archer Armor
35:32 Ballistics
35:37 Thumb Ring
36:21 Leather Archer Armor
40:13 Gold Shaft Mining
45:05 Imperial Age
43:11 Heavy Plow
43:37 Hand Cart
44:38 Scale Mail Armor
44:48 Masonry
45:57 Bracer
47:00 Parthian Tactics
48:34 Ring Archer Armor
50:06 Chemistry
48:52 Cavalier
51:29 Chain Mail Armor
50:39 Heavy Cavalry Archer
53:33 Plate Mail Armor
53:05 Light Cavalry
55:09 Kataparuto
58:08 Blast Furnace
57:28 Town Patrol
[CL] Al3jandr0.magn00
0:26 Loom
9:14 Feudal Age
9:19 Man-at-Arms
16:57 Town Watch
30:47 Castle Age
29:57 Forging
29:37 Fletching
30:31 Double-Bit Axe
30:26 Horse Collar
31:03 Horse Collar
30:58 Pikeman
33:21 Bow Saw
42:35 Wheelbarrow
42:51 Bloodlines
42:42 Husbandry
47:40 Bodkin Arrow
53:42 Imperial Age
52:22 Heavy Plow
53:15 Ballistics
54:28 Bracer
54:34 Heavy Cavalry Archer
55:16 Padded Archer Armor
56:32 Light Cavalry
58:32 Chemistry
58:03 Scale Barding Armor
Connection lost

Rejoining the realm…

Still unreachable

The connection could not be restored.

Session expired

The server has moved on; the page needs a fresh start.